cohdb
Replays
Latest Replays
All Replays
Popular Replays
Top Player Replays
Match Explorer
How It Works
Community
CoH3 Stats
Reddit
Sign in to upload your games and track your stats! →
Sign in with Steam
Match 25688889
Unlisted
Match 25688889
Overview
Messages
Build Orders
End
Panzergrenadier Squad
Selects Battlefield Espionage Battlegroup
Panzergrenadier Squad
Construct Light Support Kompanie
MG34 Team
Fire Support Elements
Selects Intel Disruption Beacon
Flakvierling Half-track
Tungsten Core Ammunition
Vehicle Survival Package
le.IG 18 Mechanized Group
Selects 250/3 Funkpanzerwagen
Selects Anti-Tank Incendiary Munitions
Construct Panzerarmee Kommand
Selects Transfer Depots
Panzer III L Medium Tank
Selects Firestorm
Rapid Advance
Emergency Repair Kits
Panzer III L Medium Tank
le.IG 18 Mechanized Group
BlauBarschBube
bl4ckjack
Bartolomaeus Bart
[LTD] Charette
Jonatanga
Eber
0
0
Comments
sign in to comment!
No comments posted yet!